 Dungeon Crawl Stone Soup version 0.25.0-9-g26727b657a (webtiles) character file.

Game seed: 1843550752184764381

757 MordorOrchid the Chiller (level 7, -9/45 HPs)
             Began as an Octopode Ice Elementalist on June 17, 2020.
             Splashed by Ijyb's acid (15 damage)
             ... on level 5 of the Dungeon.
             The game lasted 00:17:00 (5539 turns).

MordorOrchid the Chiller (OpIE)                     Turns: 5539, Time: 00:17:02

Health: -9/45      AC: -6    Str:  7    XL:     7   Next: 79%
Magic:  11/14      EV: 14    Int: 20    God:
Gold:   387        SH:  0    Dex: 12    Spells: 1/16 levels left

rFire    . . .     SeeInvis .   a - +3 hand axe (vorpal)
rCold    . . .     Gourm    .   (no shield)
rNeg     . . .     Faith    .   m - +1 hat
rPois    .         Spirit   .   (no amulet)
rElec    .         Reflect  .   (no ring)
rCorr    .         Harm     .   (no ring)
MR       .....                  (no ring)
Stlth    +++.......             (no ring)
HPRegen  0.15/turn              (no ring)
MPRegen  0.14/turn              (no ring)
                                (no ring)
                                (no ring)

@: corroded, frozen ramparts
A: almost no armour, stealthy swim, amphibious, 8 rings, constrict 8, camouflage
1, gelatinous body 1
a: no special abilities


You were on level 5 of the Dungeon.
You were not hungry.

You visited 1 branch of the dungeon, and saw 5 of its levels.

You collected 387 gold pieces.

Inventory:

Hand Weapons
 a - a +3 vorpal hand axe (weapon)
 y - a +0 dagger
Missiles
 f - 52 arrows
 i - 11 boomerangs
 o - 43 bolts
 r - 4 poisoned darts (quivered)
 s - 14 sling bullets
 B - 4 atropa-tipped darts
Armour
 k - a +0 tower shield
 m - a +1 hat (worn)
Scrolls
 e - 5 scrolls of teleportation
 g - 3 scrolls of remove curse
 h - a scroll of immolation {unknown}
 n - a scroll of noise {unknown}
 t - a scroll of fear
 v - a scroll of random uselessness {unknown}
 w - a scroll of enchant weapon {unknown}
 x - a scroll of identify
 A - a scroll of enchant armour {unknown}
Potions
 c - 3 potions of curing
 d - 2 potions of haste
 j - a potion of berserk rage {unknown}
 l - 2 potions of magic
 p - 2 potions of heal wounds
 q - a potion of ambrosia
 u - a potion of lignification {unknown}
Comestibles
 b - 7 rations
 z - 3 chunks of flesh


   Skills:
 - Level 2.0 Fighting
 * Level 3.4 Dodging
 - Level 3.0 Stealth
 * Level 2.1 Shields
 * Level 5.3 Spellcasting
 - Level 1.0 Charms
 + Level 5.8 Ice Magic


You had one spell level left.
You knew the following spells:

 Your Spells              Type           Power        Failure   Level  Hunger
a - Freeze                Ice            ####         1%          1    None
b - Frozen Ramparts       Ice            ####..       3%          3    ##.....
c - Hailstorm             Conj/Ice       ###.....     32%         4    ####...
d - Summon Ice Beast      Ice/Summ       ###.....     32%         4    ####...
y - Ozocubu's Armour      Chrm/Ice       ###.....     9%          3    ##.....

Your spell library contained the following spells:

 Spells                   Type           Power        Failure   Level  Hunger


Dungeon Overview and Level Annotations

Branches:
Dungeon (5/15)
 Temple: D:4-7

Altars:
Fedhas
Nemelex Xobeh
Qazlal
Ru

Annotations:
D:5 exclusion: phantom, Ijyb, Pikel


Innate Abilities, Weirdness & Mutations

You cannot wear most types of armour.
You are very stealthy in the water. (Stealth+)
You are amphibious.
You can wear up to eight rings at the same time.
You can use your tentacles to constrict eight enemies at once.
Your skin changes colour to match your surroundings (Stealth+).
Your rubbery body absorbs attacks. (AC +1, EV +1)


Message History

i - 11 boomerangs (gained 4) Some of the chunks of flesh in your inventory have rotted away.
Ijyb the Twisted Goblin comes into view.
She is wielding a +0 club and carrying a wand of acid (6).
Found a rapier.
Throwing (i - inventory. (/) - cycle)
r - 5 poisoned darts (quivered)
Press: ? - help, Shift-Dir - straight line, f - Ijyb
Aim: Ijyb, wielding a +0 club, wearing a +0 ring mail and carrying a wand of acid (6) (asleep)
You throw a poisoned dart. The poisoned dart hits Ijyb.
Ijyb shouts!
Ijyb drinks a potion.
Ijyb suddenly seems more resistant.
Unknown command.
Ijyb zaps a wand.
The bolt of acid hits you! The acid corrodes you!
You are splashed with acid!
Casting: Frozen Ramparts (dangerous; 3% risk of failure)
Confirm with . or Enter, or press ? or * to list all spells.
The walls around you are covered in ice.
Ijyb zaps a wand.
The bolt of acid hits you!
* * * LOW HITPOINT WARNING * * *
The acid corrodes you!
You are splashed with acid!
You die...

#.# ##...## ### ##...#
#...## ##....##
###......# ###........##
###...........## ###
###............g.#
..###.....#.....@##....#
.........###....##
#....# ........## #....#
#.g... ........####...##
##).. ..........#....#
#. ....###.......##
..### #####..## .## ####
.#


You could see Ijyb (resistant).

Vanquished Creatures
  A black bear (D:4)
  An orc warrior (D:3)
  An ogre (D:5)
  A phantom (D:4)
  A bullfrog zombie (D:5)
  An orc wizard (D:5)
  An orc priest (D:5)
  Terence (D:2)
  A gnoll shaman (D:4)
  Jessica (D:3)
  2 worker ants
  A hound skeleton (D:3)
  A worker ant zombie (D:4)
  4 adders
  3 gnolls (D:4)
  A shadow imp (D:5)
  4 worms
  2 dart slugs
  2 leopard geckos
  7 orcs
  9 bats
  4 giant cockroaches
  5 goblins
  8 hobgoblins
  12 jackals
  4 kobolds
  2 quokkas (D:4)
  A frilled lizard (D:4)
  A jackal skeleton (D:5)
  3 rats
  A fungus (D:2)
87 creatures vanquished.

Vanquished Creatures (others)
  4 toadstools (D:2)
4 creatures vanquished.

Grand Total: 91 creatures vanquished

Notes
Turn   | Place    | Note
-------+----------+-------------------------------------------
     0 | D:1      | MordorOrchid the Octopode Ice Elementalist began the quest
                  | for the Orb.
     0 | D:1      | Reached XP level 1. HP: 11/11 MP: 3/3
   423 | D:1      | Reached XP level 2. HP: 17/17 MP: 0/5
   804 | D:1      | Reached XP level 3. HP: 22/22 MP: 6/6
   816 | D:1      | Learned a level 3 spell: Frozen Ramparts
   967 | D:2      | Reached skill level 1 in Fighting
  1066 | D:2      | Noticed Terence
  1099 | D:2      | Killed Terence
  1099 | D:2      | Reached XP level 4. HP: 28/28 MP: 3/8
  1109 | D:2      | Learned a level 3 spell: Ozocubu's Armour
  1478 | D:2      | Found a sparkling altar of Nemelex Xobeh.
  1688 | D:3      | Noticed an orc warrior
  1698 | D:3      | Killed an orc warrior
  1698 | D:3      | Reached XP level 5. HP: 33/33 MP: 4/10
  2253 | D:3      | Noticed Jessica
  2267 | D:3      | Killed Jessica
  2267 | D:3      | Reached skill level 1 in Charms
  2267 | D:3      | Reached skill level 5 in Ice Magic
  2267 | D:3      | Reached XP level 6. HP: 36/39 MP: 7/11
  2275 | D:3      | Learned a level 4 spell: Hailstorm
  2658 | D:3      | Reached skill level 1 in Shields
  2946 | D:4      | Noticed a black bear
  2961 | D:4      | Killed a black bear
  3511 | D:4      | Reached XP level 7. HP: 41/45 MP: 9/13
  3559 | D:4      | Found a blossoming altar of Fedhas.
  4368 | D:4      | Learned a level 4 spell: Summon Ice Beast
  4371 | D:5      | Entered Level 5 of the Dungeon
  4421 | D:5      | Found a sacrificial altar of Ru.
  4496 | D:5      | Found a stormy altar of Qazlal.
  4546 | D:5      | Noticed Pikel
  5122 | D:5      | Reached skill level 5 in Spellcasting
  5525 | D:5      | Noticed Ijyb
  5539 | D:5      | Splashed by Ijyb's acid

Illustrated notes

Levels and vault maps discovered:
D:1:      roderic_chinese_lattice_arrival, layout_basic
D:2:      layout_loops_cross, nemelex_xobeh_ov_fountains_minmay,
          minmay_gold_behind_fungi, uniq_terence
D:3:      layout_basic, hangedman_decor_riveting, minmay_cupped, uniq_jessica
D:4:      layout_layer_cave, nicolae_overflow_crystal_walls
D:5:      layout_layer_cave, lemuel_doored_altar, lemuel_round_altar,
          first_ration, uniq_pikel, uniq_ijyb

Skill      XL: |  1  2  3  4  5  6  7 |
---------------+----------------------+-----
Stealth        | 3 |  3.0
Fighting       | 1 2 |  2.0
Spellcasting   | 3 4 5 |  5.3
Charms         | 1 |  1.0
Ice Magic      | 5 |  5.8
Shields        | 1 2 |  2.1
Dodging        | 3 |  3.4

Action                   |  1- 3 |  4- 6 |  7- 9 || total
-------------------------+-------+-------+-------++-------
Melee: Unarmed           |     9 |       |       ||     9
       Constrict         |     8 |     9 |     4 ||    21
       Tentacles         |     3 |     4 |    10 ||    17
       Dagger            |    21 |     2 |    23 ||    46
       Hand axe          |       |    35 |    19 ||    54
Throw: Boomerang         |       |     8 |     5 ||    13
       Dart              |       |       |     3 ||     3
 Cast: Freeze            |    18 |     8 |     3 ||    29
       Frozen Ramparts   |     3 |    16 |    10 ||    29
       Ozocubu's Armour  |       |       |     1 ||     1
  Use: Scroll            |       |     9 |     1 ||    10
       Potion            |       |       |     1 ||     1
 Stab: Sleeping          |    12 |     6 |     4 ||    22
       Invisible         |       |       |     2 ||     2
  Eat: Chunk             |     1 |     9 |     3 ||    13
       Ration            |       |       |     1 ||     1
Armor: Skin              |     3 |     7 |     3 ||    13
Dodge: Dodged            |    12 |    30 |    21 ||    63
